 Dungeon Crawl Stone Soup version 0.23.1 (webtiles) character file.

Game seed: 0

224 Borgoz the Sneak (level 6, -9/48 HPs)
             Began as a Ghoul Enchanter on Mar 14, 2019.
             Was an Initiate of Ashenzari.
             Killed by divine providence
             ... invoked by an orc priest
              (10 damage)
             ... on level 4 of the Dungeon.
             The game lasted 00:13:32 (4864 turns).

Borgoz the Sneak (Ghoul Enchanter)                  Turns: 4864, Time: 00:13:33

Health: -9/48      AC:  6    Str: 11 (12) XL:     6   Next: 0%
Magic:  2/8        EV: 12    Int: 13 (15) God:    Ashenzari [......]
Gold:   249        SH:  0    Dex:  9 (11) Spells: 3/9 levels left

rFire    . . .     SeeInvis .   k - +0 short sword
rCold    + . .     Gourm    .   (no shield)
rNeg     + + +     Faith    .   l - +0 leather armour
rPois    ∞         Spirit   .   (no helmet)
rElec    .         Reflect  .   c - +0 cloak
rCorr    .         Harm     .   f - +0 pair of gloves
MR       .....                  h - +0 pair of boots
Stlth    ++........             (no amulet)
HPRegen  0.00/turn              (no ring)
MPRegen  0.11/turn              (no ring)

@: brilliant, very slightly contaminated, rotting
A: rotting body, claws 1, carnivore, cold resistance 1, negative energy
resistance 3, inhibited regeneration, torment resistance, unbreathing
a: Curse Item, Renounce Religion


You were on level 4 of the Dungeon.
You worshipped Ashenzari.
Ashenzari was noncommittal.
You were not hungry.

You visited 2 branches of the dungeon, and saw 6 of its levels.

You collected 249 gold pieces.

Inventory:

Hand Weapons
 k - a +0 short sword (weapon)
Missiles
 e - 16 poisoned needles
 t - a throwing net (quivered)
Armour
 c - a +0 cloak (worn)
 f - a +0 pair of gloves (worn)
 h - a +0 pair of boots (worn)
 l - a +0 leather armour (worn)
 m - a cursed +0 ring mail
Wands
 j - a wand of random effects (13)
 o - a wand of iceblast (4)
 p - a wand of paralysis (8)
Scrolls
 q - a scroll of remove curse
Potions
 n - a potion of degeneration
Comestibles
 d - 6 rations


   Skills:
 + Level 1.7 Fighting
 + Level 2.1 Short Blades
 + Level 1.1 Armour
 + Level 2.5 Dodging
 + Level 4.4 Stealth
 + Level 2.2 Spellcasting
 + Level 3.2 Hexes
 + Level 0.1 Evocations


You had 3 spell levels left.
You knew the following spells:

 Your Spells              Type           Power        Failure   Level  Hunger
a - Corona                Hex            ###....      1%          1    ##.....
b - Ensorcelled Hibernat  Hex/Ice        ##....       3%          2    ###....
c - Confuse               Hex            ###.....     3%          3    ####...

Your spell library contained the following spells:

 Spells                   Type           Power        Failure   Level  Hunger
 Slow                     Hex            ###.....     1%          2    ###....
 Tukima's Dance           Hex            ###.....     3%          3    ####...
 Magic Dart               Conj           #...         4%          1    ##.....
 Blink                    Tloc           N/A          6%          2    ###....
 Call Imp                 Summ           #.......     6%          2    ###....
 Dazzling Spray           Conj/Hex       ##....       6%          3    ####...
 Conjure Flame            Conj/Fire      #.......     11%         3    ####...
 Mephitic Cloud           Conj/Pois/Air  #.......     11%         3    ####...


Dungeon Overview and Level Annotations

Branches:
Dungeon (5/15)             Temple (1/1) D:4

Altars:
Ashenzari
Cheibriados
Dithmenos
Elyvilon
Fedhas
Gozag
Kikubaaqudgha
Makhleb
Nemelex Xobeh
Okawaru
Qazlal
Sif Muna
Uskayaw
Vehumet
Wu Jian
Xom
Yredelemnul
Zin
The Shining One


Innate Abilities, Weirdness & Mutations

Your body is rotting away.
You thrive on raw meat.
You are immune to poison.
You have sharp fingernails.
You are carnivorous and can eat meat at any time.
Your flesh is cold resistant. (rC+)
You are immune to negative energy. (rN+++)
You do not regenerate when monsters are visible.
You are immune to unholy pain and torment.
You can survive without breathing.


Message History

The orc hits you with a +0 short sword.
* * * LOW HITPOINT WARNING * * *
The orc priest closely misses you.
Blink to where?
Press: ? - help, Dir - move target cursor, p - orc wizard You are very lightly contaminated with residual magic.
As you read the scroll labeled YFFIHU UZOIDY, it crumbles to dust.
It was a scroll of blinking.
Okay, then.
Okay, then.
Okay, then.
Aiming: Iceblast
Press: ? - help, Shift-Dir - straight line, f - orc wizard
Aim: an orc wizard, wielding a +0 dagger and wearing a +2 robe of magic resistance (lightly wounded, fast)
The mass of ice explodes!
The iceblast engulfs the orc wizard!
The orc wizard is almost dead.
The orc wizard is no longer moving quickly.
The orc priest mumbles some strange prayers to Beogh against you.
Beogh smites you!
You die...

#......#.....#§§§.....#.......<
#......#.....#§o§.....#........
#......#.....#o§§.....#........
#......#....##.§§##...#........
#......#######o§§##...#........
###......#....#....######........
...#######....#....#......#'#####
...'..........#....#......#.....#
...#..........#.@..#......#.....'
...#<.........#....#......#.....#
...#.>........#....#......#.....#
...#################......#######
#### ########


You could see an orc priest, an orc wizard and an orc.

Vanquished Creatures
  A crimson imp (D:5)
  Terence (D:2)
  2 worker ants
  2 adders
  6 oozes
  3 worms
  A leopard gecko (D:2)
  9 orcs
  3 giant cockroaches
  2 goblins
  6 hobgoblins
  3 jackals (D:3)
  A quokka (D:3)
  5 bats
  A frilled lizard (D:1)
  4 kobolds
  A leopard gecko skeleton (D:4)
  A quokka skeleton (D:4)
  9 rats
61 creatures vanquished.

Notes
Turn   | Place    | Note
-------+----------+-------------------------------------------
     0 | D:1      | Borgoz the Ghoul Enchanter began the quest for the Orb.
     0 | D:1      | Reached XP level 1. HP: 14/14 MP: 2/2
   239 | D:1      | Reached XP level 2. HP: 13/20 MP: 3/3
   383 | D:1      | Learned a level 2 spell: Ensorcelled Hibernation
  1078 | D:1      | Reached skill level 1 in Short Blades
  1078 | D:1      | Reached XP level 3. HP: 14/26 MP: 1/4
  1505 | D:2      | Found a stormy altar of Qazlal.
  1806 | D:2      | Reached skill level 4 in Stealth
  1806 | D:2      | Reached XP level 4. HP: 6/34 MP: 3/6
  2185 | D:2      | Reached skill level 1 in Fighting
  2242 | D:2      | Noticed Terence
  2263 | D:2      | Killed Terence
  2845 | D:3      | Reached XP level 5. HP: 21/40 MP: 1/7
  2850 | D:3      | Learned a level 3 spell: Confuse
  3391 | D:4      | Found a staircase to the Ecumenical Temple.
  3400 | Temple   | Entered the Ecumenical Temple
  3592 | Temple   | Became a worshipper of Ashenzari the Shackled
  4464 | D:5      | Entered Level 5 of the Dungeon
  4496 | D:5      | Reached skill level 1 in Armour
  4596 | D:5      | Noticed a phantom
  4837 | D:4      | HP: 2/41 [orc wizard/puff of flame (11)]
  4845 | D:4      | Reached XP level 6. HP: 11/48 MP: 8/8
  4862 | D:4      | HP: 1/48 [orc/+0 short sword (2)]
  4864 | D:4      | Killed from afar by an orc priest

Skill      XL: |  1  2  3  4  5 |
---------------+----------------+-----
Short Blades   | 1 2 |  2.1
Dodging        | 2 |  2.5
Hexes          | 3 |  3.2
Spellcasting   | 2 |  2.2
Stealth        | 4 |  4.4
Fighting       | 1 |  1.7
Armour         | 1 |  1.1
Evocations     | |  0.1

Action                   |  1- 3 |  4- 6 || total
-------------------------+-------+-------++-------
Melee: Dagger            |    87 |       ||    87
       Short sword       |    20 |   200 ||   220
 Cast: Corona            |     3 |     2 ||     5
       Ensorcelled Hiber |     7 |    19 ||    26
       Confuse           |       |     1 ||     1
Evoke: Wand              |       |     4 ||     4
  Use: Scroll            |     2 |     8 ||    10
       Potion            |       |     9 ||     9
 Stab: Sleeping          |     8 |    12 ||    20
       Confused          |       |     1 ||     1
  Eat: Chunk             |     9 |    12 ||    21
Armor: Robe              |    13 |    20 ||    33
       Leather armour    |       |    40 ||    40
Dodge: Dodged            |    80 |   136 ||   216
